 Dungeon Crawl Stone Soup version 0.20-a0-833-gc632bec (webtiles) character file.

95344 nikopol the Severer (level 15, -1/138 HPs)
             Began as a Minotaur Berserker on Mar 6, 2017.
             Was a High Priest of Trog.
             Killed from afar by a necromancer (18 damage)
             ... with a bolt of fire
             ... on level 15 of the Dungeon on Mar 7, 2017.
             The game lasted 01:25:29 (29286 turns).

nikopol the Severer (Minotaur Berserker)           Turns: 29286, Time: 01:25:30

Health: -1/138     AC: 20    Str: 24    XL:     15   Next: 66%
Magic:  14/14      EV: 18    Int:  4    God:    Trog [*****.]
Gold:   2563       SH:  4    Dex: 14    Spells: 14/14 levels left

rFire    x . .     SeeInvis .   a - +5 battleaxe (chop)
rCold    + . .     Gourm    .   K - +2 scale mail {rN+}
rNeg     + . .     Faith    .   (shield currently unavailable)
rPois    +         Spirit   .   B - +2 hat
rElec    .         Reflect  +   h - +1 cloak
rCorr    .         Harm     .   k - +0 pair of gloves
MR       +++..                  q - +1 pair of boots
Stlth    ..........             F - +4 amulet of reflection
Regen    1.4/turn               (no ring)
MPRegen  0.2/turn               I - ring "Icsavep" {Ice rPois}

@: regenerating, slowed, very slow
A: retaliatory headbutt, horns 2
a: Berserk, Trog's Hand, Brothers in Arms, Burn Spellbooks, Renounce Religion


You were on level 15 of the Dungeon.
You worshipped Trog.
Trog was extremely pleased with you.
You were hungry.

You visited 3 branches of the dungeon, and saw 23 of its levels.

You collected 2563 gold pieces.

Inventory:

Hand Weapons
 a - a +5 battleaxe of chopping (weapon)
 z - a +6 longbow of flaming
Missiles
 l - 454 arrows (quivered)
Armour
 h - a +1 cloak (worn)
 k - a +0 pair of gloves (worn)
 q - a +1 pair of boots (worn)
 B - a +2 hat (worn)
 K - a +2 scale mail of positive energy (worn)
 O - a +4 chain mail
Jewellery
 i - an uncursed ring of protection from magic
 A - a +4 ring of evasion
 D - a +2 ring of protection
 E - an uncursed ring of flight
 F - a +4 amulet of reflection (around neck)
 I - the ring "Icsavep" (left hand) {Ice rPois}
   (You took it off Frances on level 12 of the Dungeon)

   [ring of ice]

   It enhances your ice magic.
   It makes you vulnerable to fire.
   It protects you from cold.
   It protects you from poison.
Wands
 b - a wand of polymorph (9/24)
 f - a wand of acid (8/15)
 C - a wand of paralysis (18/24)
 G - a wand of confusion (17/48)
 P - a wand of polymorph (18/24)
 T - a wand of disintegration (10/24)
 Y - a wand of digging (11/24)
Scrolls
 j - 3 scrolls of teleportation
 m - 5 scrolls of remove curse
 n - 2 scrolls of fog
 o - 4 scrolls of identify
 r - a scroll of random uselessness {unknown}
 t - 2 scrolls of enchant armour
 v - 2 scrolls of magic mapping
 y - a scroll of torment {unknown}
 H - 2 scrolls of enchant weapon
 J - a scroll of summoning
Potions
 e - a potion of resistance
 g - a potion of invisibility
 p - 8 potions of curing
 s - 2 potions of agility
 u - a potion of brilliance {unknown}
 w - 2 potions of haste
 L - 2 potions of might
 N - a potion of ambrosia {unknown}
 Q - a potion of heal wounds
 S - a potion of flight {unknown}
Comestibles
 c - 16 bread rations
 d - 21 fruits
 x - 6 meat rations
 M - 4 chunks of flesh
 X - 11 royal jellies


   Skills:
 + Level 14.1 Fighting
 * Level 17.2 Axes
 * Level 13.6 Bows
 + Level 14.2 Armour
 + Level 13.1 Dodging


You had 14 spell levels left.
You didn't know any spells.

Dungeon Overview and Level Annotations

Branches:
Dungeon (15/15)            Temple (0/1) D:7            Lair (6/6) D:11
  Swamp (0/4) Lair:3        Snake (0/4) Lair:2        Slime (0/5) Lair:5
    Orc (2/2) D:10            Elf (0/3) Orc:2        Vaults (0/5) D:14
 Depths (0/5) D:15

Altars:
Cheibriados
Elyvilon
Fedhas
Gozag
Hepliaklqana
Kikubaaqudgha
Qazlal
Ru
Vehumet
The Shining One
Beogh

Shops:
D:12 [?   D:14 !   Orc:2 }(?}

Annotations:
Lair:2 exclusion: 4 oklob plants


Innate Abilities, Weirdness & Mutations

You reflexively headbutt those who attack you in melee.
You have a pair of horns on your head.


Message History

The meliai closely misses you. The meliai misses you. You furiously retaliate!
You headbutt the meliai!
The meliai stings you but does no damage.
The meliai barely misses you.
The meliai stings you but does no damage.
The meliai closely misses you. You block the meliai's attack.
The meliai completely misses you.
The meliai stings you but does no damage.
Your deep troll misses the meliai.
Your deep troll claws the meliai!!
The meliai dies!
Trog accepts your kill.
You hear a shout!
Your deep troll bites the necromancer!!
Your deep troll barely misses the necromancer.
Your deep troll closely misses the necromancer.
You closely miss the necromancer. You headbutt the necromancer.
The necromancer is heavily wounded.
The necromancer casts a spell at you. The bolt of fire hits you!
The fire burns you terribly!
You die...

*,,,,,,**'**#.......((...(....##,
*,,,,,,*,,,,#....(....(.......'..
*,,,,,,*,,,,+.................#..
*,,,,,,*,,,,#.................#..
*,,,,,,*,,,,#.................#,.
*,,,,,,*,,,,#.....?...........#,,
*,,,,,,*,,,,#.......(...P.8.P.#,,
*,,,,,,*,,,,#.......8..!8.).....,
*,,,,,,***,,#...@pT...(8....8...*
,,********,,######............,,*
,,*,,,,,*,,,,,,,,....8.......,,,*
,,*,,,,,+,,,,,,,.....8P...P.,,,,*
,,*,,,,,*,,,,,,.......8..>.,,,,,,
,,**+**,**,,,*#.###...8....8,,,,,
*,,,,,****,,,*##**#.....P8.,,,8,,
*,,,,,*,,,,,,*,,,,,8...(.P,,,,,8,
*,,,,,*,,,,,,+,,,,,,8,,,,,,,,8,,,


You could see a necromancer and a friendly deep troll (berserk).

Vanquished Creatures
  Rupert (Orc:2)
  The ghost of Nico3ck the Severer, an adept FoFi of Okawaru (D:15)
  An orc warlord (Orc:1)
  The ghost of Protee the Nimble, a journeyman DrTm of Wu Jian (Lair:4)
  An ettin (Orc:1)
  A quicksilver dragon zombie (D:15)
  2 ogre magi (Orc:2)
  Erolcha (Orc:2)
  4 vault guards (D:14)
  2 hydras
  2 centaur warriors
  The ghost of George the Carver, a novice MiFi of Wu Jian (D:8)
  A death knight (D:15)
  4 death yaks (Lair:4)
  A tengu warrior (D:14)
  4 two-headed ogres
  Urug (Lair:3)
  Nergalle (Orc:2)
  A skeletal warrior (D:15)
  A wizard (D:12)
  A tengu zombie (D:15)
  3 unseen horrors
  Pikel (D:4)
  A necromancer (Lair:6)
  3 wolf spider zombies (D:13)
  9 orc sorcerers
  A phantasmal warrior (D:15)
  An ugly thing (D:12)
  5 manticores
  5 large abominations (D:12)
  2 cyclopes
  2 oklob plants (D:11)
  6 black mambas
  Maurice (D:9)
  12 elephants
  A torpor snail (Lair:4)
  13 spiny frogs
  A kobold demonologist (D:11)
  A rime drake (Lair:6)
  12 komodo dragons
  An efreet (D:13)
  A freezing wraith (D:14)
  3 meliai
  4 polar bears (Lair:6)
  A queen bee (Lair:4)
  A troll (Orc:1)
  Prince Ribbit (D:9)
  4 hornets
  A merfolk (D:10)
  A meliai zombie (D:11)
  9 blink frogs
  7 dream sheep
  11 hippogriffs
  Sigmund (D:2)
  A wraith (D:13)
  2 hogs (Lair:4)
  55 yaks
  11 spriggans (Lair:6)
  A deep troll skeleton (D:15)
  A vampire (D:14)
  2 wyverns
  3 shadows
  2 water elementals (D:12)
  5 basilisks
  2 wargs (Orc:1)
  3 nagas (Lair:2)
  7 small abominations (D:12)
  3 acid dragons
  12 water moccasins
  14 orc warriors
  6 porcupines
  Duvessa (D:7)
  3 sky beasts
  6 ice beasts
  A slave (D:4)
  3 eyes of draining
  6 black bears
  23 wolves
  5 phantoms
  The ghost of Syneil the Skirmisher, an amateur DsMo (D:3)
  11 ogres
  5 boggarts (Lair:6)
  12 centaurs
  19 crocodiles
  2 big kobolds
  10 bullfrogs
  A wyvern zombie (D:13)
  3 scorpions
  40 killer bees
  Dowan (D:7)
  20 wights
  3 electric eels
  5 howler monkeys
  3 crimson imps
  5 hounds
  A jelly (D:8)
  14 orc priests
  5 centaur skeletons
  5 bullfrog skeletons
  Jessica (D:2)
  7 iguanas
  Natasha (D:2)
  36 orc wizards
  9 worker ants
  12 hell rats
  2 polar bear simulacra (Lair:6)
  A yak simulacrum (Lair:6)
  4 wolf simulacra (Lair:6)
  2 howler monkey zombies
  2 worker ant zombies (D:5)
  3 gnolls (D:4)
  20 river rats
  9 adders
  2 oozes (D:1)
  2 adder skeletons
  5 worms
  2 leopard geckos
  66 orcs
  6 giant cockroaches
  6 goblins
  4 hobgoblins
  11 jackals
  14 kobolds
  11 quokkas
  11 bats
  4 frilled lizards
  A jackal zombie (D:5)
  2 quokka skeletons
  22 rats
  4 river rat simulacra (Lair:6)
  2 fungi (Lair:4)
  9 plants (D:11)
796 creatures vanquished.

Vanquished Creatures (collateral kills)
  Frances (D:12)
  Kirke (Lair:4)
  A catoblepas (Lair:4)
  4 oklob plants (Lair:4)
  A meliai (shapeshifter) (D:15)
  A killer bee (Lair:4)
9 creatures vanquished.

Vanquished Creatures (others)
  A cyclops (D:15)
  A human (Lair:4)
  2 slaves (D:4)
  A bullfrog skeleton (D:4)
  3 jackals (D:4)
  16 fungi
  12 plants
36 creatures vanquished.

Grand Total: 841 creatures vanquished

Notes
Turn   | Place    | Note
-------+----------+-------------------------------------------
     0 | D:1      | nikopol the Minotaur Berserker began the quest for the Orb.
     0 | D:1      | Reached XP level 1. HP: 19/19 MP: 0/0
   105 | D:1      | Reached XP level 2. HP: 23/27 MP: 1/1
   907 | D:2      | Found a faded altar of an unknown god.
   983 | D:2      | Noticed Sigmund
   995 | D:2      | Killed Sigmund
   995 | D:2      | Reached skill level 4 in Axes
   995 | D:2      | Reached XP level 3. HP: 23/35 MP: 2/2
   995 | D:2      | Reached XP level 4. HP: 26/41 MP: 3/3
   995 | D:2      | Reached XP level 5. HP: 30/47 MP: 4/4
  1184 | D:2      | Noticed Natasha
  1190 | D:2      | Killed Natasha
  1190 | D:2      | Reached ** piety under Trog
  1190 | D:2      | Reached skill level 5 in Fighting
  1222 | D:2      | Found a glowing golden altar of the Shining One.
  1226 | D:2      | Found an opulent altar of Gozag.
  1229 | D:2      | Found a hazy altar of Hepliaklqana.
  1229 | D:2      | Found a snail-covered altar of Cheibriados.
  1229 | D:2      | Found a sacrificial altar of Ru.
  1263 | D:2      | Noticed Jessica
  1276 | D:2      | Killed Jessica
  1276 | D:2      | Reached skill level 5 in Axes
  1833 | D:3      | Noticed a sky beast
  1842 | D:3      | Killed a sky beast
  1842 | D:3      | Reached XP level 6. HP: 48/56 MP: 5/5
  1929 | D:3      | Noticed Syneil's ghost (amateur DsMo)
  1948 | D:3      | Killed Syneil's ghost
  1948 | D:3      | Reached skill level 5 in Armour
  2022 | D:3      | Found a white marble altar of Elyvilon.
  2344 | D:4      | Noticed a slave
  2349 | D:4      | Noticed a slave
  2350 | D:4      | Noticed Pikel
  2356 | D:4      | Killed Pikel
  2356 | D:4      | Reached *** piety under Trog
  2356 | D:4      | Reached skill level 6 in Axes
  2356 | D:4      | Reached skill level 5 in Dodging
  2356 | D:4      | Reached XP level 7. HP: 63/64 MP: 6/6
  2522 | D:4      | Reached XP level 8. HP: 71/71 MP: 7/7
  2824 | D:4      | Reached skill level 7 in Axes
  3145 | D:5      | Entered Level 5 of the Dungeon
  3659 | D:5      | Reached **** piety under Trog
  4013 | D:5      | Reached XP level 9. HP: 70/81 MP: 8/8
  4189 | D:6      | Reached skill level 8 in Axes
  4991 | D:7      | Noticed Duvessa
  4991 | D:7      | Noticed Dowan
  5003 | D:7      | Killed Dowan
  5006 | D:7      | Killed Duvessa
  5741 | D:7      | Found a staircase to the Ecumenical Temple.
  5867 | D:8      | Noticed George's ghost (novice MiFi)
  5893 | D:8      | Killed George's ghost
  5893 | D:8      | Reached skill level 9 in Axes
  6258 | D:8      | Reached XP level 10. HP: 85/91 MP: 9/9
  6743 | D:9      | Found a blossoming altar of Fedhas.
  7031 | D:9      | Noticed Prince Ribbit
  7039 | D:9      | Killed Prince Ribbit
  7179 | D:9      | Noticed Maurice
  7235 | D:9      | Killed Maurice
  7389 | D:9      | Found a stormy altar of Qazlal.
  7435 | D:10     | Entered Level 10 of the Dungeon
  7495 | D:10     | Reached ***** piety under Trog
  7512 | D:10     | Reached skill level 10 in Fighting
  7591 | D:10     | Found a staircase to the Orcish Mines.
  7739 | D:10     | Reached skill level 10 in Axes
  8000 | D:10     | Received a gift from Trog
  8351 | D:10     | Reached skill level 1 in Bows
  8569 | D:11     | Reached skill level 10 in Armour
  8946 | D:11     | Noticed an oklob plant
  9771 | D:11     | Received a gift from Trog
  9825 | D:11     | Reached XP level 11. HP: 48/101 MP: 10/10
 10341 | D:11     | Received a gift from Trog
 10912 | D:11     | Reached skill level 11 in Axes
 10968 | D:11     | Killed an unseen horror
 11142 | D:11     | Found a staircase to the Lair.
 11149 | D:11     | Noticed an oklob plant
 11792 | D:11     | Killed an oklob plant
 11800 | D:11     | Killed an oklob plant
 11907 | Lair:1   | Entered Level 1 of the Lair of Beasts
 11945 | D:11     | Reached skill level 5 in Bows
 12345 | Lair:1   | Received a gift from Trog
 13212 | Lair:1   | Received a gift from Trog
 13220 | Lair:1   | Reached skill level 12 in Axes
 13469 | Lair:1   | Reached skill level 10 in Dodging
 13716 | Lair:2   | Noticed an oklob plant
 13723 | Lair:2   | Noticed an oklob plant
 13724 | Lair:2   | Noticed an oklob plant
 13725 | Lair:2   | Noticed an oklob plant
 13943 | Lair:2   | Found a staircase to the Snake Pit.
 14147 | Lair:2   | Received a gift from Trog
 14147 | Lair:2   | Reached XP level 12. HP: 110/110 MP: 11/11
 15367 | Lair:3   | Found a staircase to the Swamp.
 15851 | Lair:3   | Noticed a four-headed hydra
 15879 | Lair:3   | Killed a 17-headed hydra
 15879 | Lair:3   | Reached skill level 13 in Axes
 16271 | Lair:3   | Noticed Urug
 16287 | Lair:3   | Killed Urug
 16470 | Lair:3   | Received a gift from Trog
 16858 | Lair:4   | Noticed Protee's ghost (journeyman DrTm)
 16889 | Lair:4   | Killed Protee's ghost
 16930 | Lair:4   | Noticed a catoblepas
 16938 | Lair:4   | Killed a catoblepas
 17743 | Lair:4   | Reached XP level 13. HP: 118/118 MP: 12/12
 18323 | Lair:4   | Reached skill level 14 in Axes
 18458 | Lair:4   | Reached skill level 10 in Bows
 18726 | Lair:4   | Noticed Kirke
 18742 | Lair:4   | Killed Kirke
 18745 | Lair:4   | Received a gift from Trog
 20360 | Lair:5   | Identified the Almanac of Shifting Flight
 20590 | Lair:5   | Received a gift from Trog
 20696 | Lair:5   | Found a staircase to the Slime Pits.
 21012 | Lair:6   | Entered Level 6 of the Lair of Beasts
 21482 | Lair:6   | Reached XP level 14. HP: 129/129 MP: 13/13
 21599 | Lair:6   | Reached skill level 15 in Axes
 22042 | Lair:6   | Received a gift from Trog
 22058 | Lair:6   | Reached ****** piety under Trog
 22235 | Lair:6   | Received a gift from Trog
 23176 | Orc:1    | Entered Level 1 of the Orcish Mines
 23540 | Orc:1    | Noticed an orc warlord
 23554 | Orc:1    | Killed an orc warlord
 23855 | Orc:1    | Upgraded the game from 0.20-a0-830-g2c9a30d to 0.20-a0-833-gc632bec
 23981 | Orc:1    | Received a gift from Trog
 24254 | Orc:2    | Entered Level 2 of the Orcish Mines
 24588 | Orc:2    | Noticed Rupert
 24602 | Orc:2    | Killed Rupert
 24698 | Orc:2    | Received a gift from Trog
 24747 | Orc:2    | Found a staircase to the Elven Halls.
 24829 | Orc:2    | Received a gift from Trog
 24829 | Orc:2    | Reached skill level 16 in Axes
 24897 | Orc:2    | Found Rasum's Gadget Shop.
 24908 | Orc:2    | Found Zugor's Gadget Boutique.
 24972 | Orc:2    | Found an ancient bone altar of Kikubaaqudgha.
 24973 | Orc:2    | Noticed Nergalle
 24991 | Orc:2    | Killed Nergalle
 25135 | Orc:2    | Found Kosakiuggim's Magic Scroll Shop.
 25189 | Orc:2    | Noticed Erolcha
 25194 | Orc:2    | Killed Erolcha
 25239 | Orc:2    | Found a radiant altar of Vehumet.
 25378 | Orc:2    | Found a roughly hewn altar of Beogh.
 25405 | Orc:2    | Found Fata's Antique Weapon Boutique.
 25880 | D:12     | Found Aneoneda's Magic Scroll Shop.
 25902 | D:12     | Found Hain's Antique Armour Shop.
 26020 | D:12     | Reached XP level 15. HP: 102/136 MP: 14/14
 26052 | D:12     | Noticed Frances
 26055 | D:12     | HP: 4/137 [Frances/iron shot (53)]
 26062 | D:12     | Killed Frances
 26589 | D:12     | Got a scorched brass ring
 26627 | D:12     | Identified the ring "Icsavep" {Ice rPois} (You took it off Frances on level 12 of the Dungeon)
 26861 | D:12     | Received a gift from Trog
 27823 | D:13     | Received a gift from Trog
 28208 | D:14     | Found a gate to the Vaults.
 28663 | D:14     | Found Fasti's Distillery.
 28724 | D:14     | Reached skill level 17 in Axes
 29162 | D:15     | Entered Level 15 of the Dungeon
 29202 | D:15     | Noticed Nico3ck's ghost (adept FoFi)
 29214 | D:15     | Killed Nico3ck's ghost
 29256 | D:15     | Found a staircase to the Depths.
 29270 | D:15     | HP: 4/138 [quicksilver dragon zombie (8)]
 29286 | D:15     | Killed from afar by a necromancer

Vault maps used:
D:1:      saegor_arrival_simple_c
D:2:      grunt_temple_overflow_open, chequers_ecumenical_altar_simple_redux,
          uniq_sigmund, uniq_natasha, uniq_jessica
D:3:      elyvilon_altar_4
D:4:      first_bread, grunt_ministairs_6, minmay_misc_feat_iff, uniq_pikel
D:5:      kennysheep_generic_room_4
D:7:      minmay_temple_entry_nine_rooms, uniq_duvessa
D:8:      fountainhead, kennysheep_another_room
D:9:      grunt_temple_overflow_forces_of_nature, uniq_prince_ribbit1,
          uniq_maurice
D:10:     erik_orc_4, hangedman_fish_farm
D:11:     dpeg_oklobed_lair, kennysheep_dice
D:12:     serial_shops, shop, shop, kennysheep_cluttered_room, laboratory,
          uniq_frances
D:13:     spider_trap
D:14:     lightli_vaults_fourway_checkpoint, serial_shops, shop,
          minmay_door_square
D:15:     gammafunk_depths_entry_grave,
          nicolae_gozag_cash_rules_everything_around_me,
          portal_ice_cave_demonic_guard, nrook_uturn
Lair:1:   lemuel_ratsnest
Lair:2:   minmay_snake_entry_guardpost_small, serial_bayou_shore_a,
          lemuel_fruit_tree, minmay_lair_oklob_chamber,
          infiniplex_staircase_pool
Lair:3:   minmay_swamp_entry_worms, kennysheep_rathole, uniq_urug
Lair:4:   hangedman_what_comes_after_a, uniq_kirke
Lair:5:   dpeg_slime_entry_corner
Lair:6:   minmay_lair_end_enchanted_forest, eino_house_with_fridge,
          grunt_megastairs_3
Orc:2:    kennysheep_orc_mage_school, uniq_rupert

Skill      XL: |  1  2  3  4  5  6  7  8  9 10 11 12 13 14 15 |
---------------+----------------------------------------------+-----
Armour         | 4 5 6 7 9 10 11 12 13 14 | 14.2
Fighting       | 4 5 6 7 9 10 11 12 13 14 | 14.1
Axes           | 4 5 6 7 9 10 12 13 14 16 17 | 17.2
Dodging        | 3 4 5 6 8 9 10 11 12 13 | 13.1
Bows           | 3 6 9 11 12 13 | 13.6

Action                   |  1- 3 |  4- 6 |  7- 9 | 10-12 | 13-15 || total
-------------------------+-------+-------+-------+-------+-------++-------
Melee: Hand axe          |    36 |   118 |   281 |   812 |       ||  1247
       Headbutt          |     5 |    23 |    77 |   234 |   100 ||   439
       Battleaxe         |       |       |       |    78 |   515 ||   593
       Unarmed           |       |       |       |       |     5 ||     5
       Longbow           |       |       |       |       |     6 ||     6
 Fire: Shortbow          |       |       |       |   392 |       ||   392
       Longbow           |       |       |       |    32 |   607 ||   639
Invok: Berserk           |     1 |     1 |     2 |     8 |     6 ||    18
       Brothers in Arms  |       |       |       |     1 |     5 ||     6
       Burn Spellbooks   |       |       |       |       |     2 ||     2
       Trog's Hand       |       |       |       |       |     2 ||     2
Evoke: Wand              |       |       |       |       |     2 ||     2
  Use: Scroll            |       |       |       |    19 |     8 ||    27
       Potion            |       |       |       |     2 |     1 ||     3
  Eat: Chunk             |       |     5 |    11 |    43 |    41 ||   100
       Fruit             |       |       |     1 |     4 |     3 ||     8
       Royal jelly       |       |       |     1 |       |       ||     1
Armor: Ring mail         |    11 |    41 |    84 |    39 |       ||   175
       Animal skin       |     4 |       |       |       |       ||     4
       Chain mail        |       |       |       |   434 |   273 ||   707
       Scale mail        |       |       |       |       |   100 ||   100
Dodge: Dodged            |    17 |    79 |   143 |   439 |   433 ||  1111
Block: Other             |       |       |       |   141 |    97 ||   238
       Reflection        |       |       |       |     3 |     4 ||     7
